 Dungeon Crawl Stone Soup version 0.17-a0-1411-g06ff558 (webtiles) character file.

1513010 Geomchi the Evocator (level 27, 267/270 HPs)
             Began as a Demonspawn Fire Elementalist on June 18, 2015.
             Was the Champion of Vehumet.
             Escaped with the Orb
             ... and 3 runes on June 23, 2015!
             The game lasted 06:07:36 (103953 turns).

Geomchi the Evocator (DsFE)                       Turns: 103953, Time: 06:07:36

Health: 267/270    AC: 16    Str: 11      XL:     27
Magic:  52/52      EV: 21    Int: 36 (43) God:    Vehumet [******]
Gold:   3360       SH:  0    Dex: 14      Spells: 12 memorised, 6 levels left

rFire  + . .     SeeInvis .     I - +6 Majin-Bo {vamp, Archmagi MP+6 Int+6}
rCold  . . .     Clarity  +     x - +1 robe of Noon {*Drain MR++ Regen+ Int+4}
rNeg   . . .     SustAt   .     (no shield)
rPois  .         Gourm    .     K - +2 hat
rElec  .         Spirit   +     f - +1 cloak of Indomitability {Int+2}
rCorr  .         Warding  .     (gloves unavailable)
rMut   .         Stasis   .     G - +0 pair of boots of Trumpets {Int+4}
MR     ++++.                    v - amulet of clarity
Stlth  +.........               A - ring of protection from cold
                                Y - ring of fire

@: very slightly contaminated, repel missiles, incredibly resistant to hostile
enchantments, very unstealthy
A: claws 3, iridescent scales 3, demonic guardian 3, mutation resistance 1,
robust 3, magic shield, magic regeneration, magic link
a: Renounce Religion
0: Orb of Zot
}: 3/15 runes: decaying, serpentine, slimy


You escaped.
You worshipped Vehumet.
Vehumet was exalted by your worship.
You were not hungry.

You visited 12 branches of the dungeon, and saw 62 of its levels.
You visited 1 bazaar.
You also visited: Bailey.

You collected 7959 gold pieces.
You spent 4599 gold pieces at shops.

Inventory:

Hand weapons
 I - the +6 Majin-Bo (weapon) {vamp, Archmagi MP+6 Int+6}
   (You found it on level 6 of the Pits of Slime)

   It inflicts no extra harm, but heals its wielder somewhat when it strikes a
   living foe.
   It affects your intelligence (+6).
   It affects your magic capacity (+6).
Armour
 d - the +2 cloak "Jeczumyu" {rPois rCorr Dex-3}
   (You acquired it on level 3 of the Crypt)

   It affects your dexterity (-3).
   It protects you from poison.
   It protects you from acid and corrosion.
 f - the +1 cloak of Indomitability (worn) {Int+2}
   (You acquired it on level 3 of the Crypt)

   It affects your intelligence (+2).
 x - the +1 robe of Noon (worn) {*Drain MR++ Regen+ Int+4}
   (You found it on level 2 of the Lair of Beasts)

   It affects your intelligence (+4).
   It affects your resistance to hostile enchantments.
   It increases your rate of regeneration.
   It causes draining when unequipped.
 B - the +1 leather armour of Ydowopou {+Inv MP+9 SInv}
   (You found it on level 5 of the Depths)

   It affects your magic capacity (+9).
   It lets you see invisible.
   It lets you turn invisible.
 G - the +0 pair of boots of Trumpets (worn) {Int+4}
   (You acquired it on level 1 of the Realm of Zot)

   It affects your intelligence (+4).
 J - the +8 fire dragon armour "Voecraf" {rF++ rC- Str+2}
   (You found it on level 3 of the Crypt)

   It affects your strength (+2).
   It greatly protects you from fire.
   It makes you vulnerable to cold.
 K - a +2 hat (worn)
Jewellery
 e - an uncursed amulet of regeneration
 i - the ring of Gorol {rElec Str+6 Int+3 Stlth+}
   (You found it on level 7 of the Lair of Beasts)

   [ring of stealth]

   It affects your strength (+6).
   It affects your intelligence (+3).
   It insulates you from electricity.
   It makes you more stealthy.
 v - an amulet of clarity (around neck)
 A - a ring of protection from cold (right claw)
 R - the ring "Meyveop" {Str-5 Int+5 Dex+5 Stlth-}
   (You found it on level 2 of the Realm of Zot)

   [ring of loudness]

   It affects your strength (-5).
   It affects your intelligence (+5).
   It affects your dexterity (+5).
   It makes you less stealthy.
 V - the ring "Doaceawn" {rN+ MR+ Stlth+}
   (You bought it in a shop on level 4 of the Orcish Mines)

   [ring of protection from magic]

   It protects you from negative energy.
   It affects your resistance to hostile enchantments.
   It makes you more stealthy.
 Y - a ring of fire (left claw)
Magical devices
 m - a wand of digging (10)
 r - a wand of disintegration (5)
 u - a wand of teleportation (5)
 S - a wand of hasting (7)
Scrolls
 h - a scroll of summoning
 k - 3 scrolls of enchant armour
 n - 7 scrolls of fear
 o - 7 scrolls of identify
 s - 7 scrolls of teleportation
 y - 23 scrolls of remove curse
 C - 5 scrolls of fog
 L - 3 scrolls of enchant weapon
 Q - 4 scrolls of recharging
 W - 7 scrolls of amnesia
Potions
 j - 4 potions of agility
 p - 2 potions of invisibility
 q - 3 potions of cure mutation
 t - 7 potions of haste
 w - 5 potions of cancellation
 z - 8 potions of heal wounds
 E - 11 potions of flight
 F - 22 potions of curing
 P - 3 potions of might
 Z - 8 potions of brilliance
Miscellaneous
 a - a stone of tremors
 D - a crystal ball of energy
 N - a phial of floods
 O - a fan of gales
Comestibles
 g - 10 meat rations {@e2}
 l - 2 beef jerkies
 H - 6 royal jellies
 T - 2 slices of pizza
 X - 62 fruits


   Skills:
 - Level 15.2 Fighting
 - Level 9.0 Staves
 - Level 14.0 Dodging
 - Level 1.7 Stealth
   Level 6.1 Shields
 - Level 19.6 Spellcasting
 - Level 20.1 Conjurations
 - Level 14.3 Translocations
 - Level 20.1 Fire Magic
 - Level 10.6 Earth Magic
 + Level 24.5 Evocations


You had 6 spell levels left.
You knew the following spells:

 Your Spells              Type           Power        Failure   Level  Hunger
a - Flame Tongue          Conj/Fire      #####        0%          1    None
b - Statue Form           Trmt/Erth      #######..    17%         6    None
c - Controlled Blink      Tloc           N/A          1%          7    None
d - Orb of Destruction    Conj           ########..   1%          7    None
e - Blink                 Tloc           N/A          0%          2    None
f - Fireball              Conj/Fire      #########.   0%          5    None
g - Repel Missiles        Chrm/Air       ######       1%          2    None
h - Bolt of Fire          Conj/Fire      #########.   1%          6    None
i - Sticky Flame          Conj/Fire      ########     0%          4    None
j - Fire Storm            Conj/Fire      #########.   4%          9    #####..
k - Swiftness             Chrm/Air       ######..     1%          2    None
x - Lehudib's Crystal Sp  Conj/Erth      ########..   3%          8    ####...


Dungeon Overview and Level Annotations

Branches:
Dungeon (15/15)            Temple (1/1) D:6            Lair (8/8) D:8
  Swamp (4/4) Lair:6        Snake (4/4) Lair:5        Slime (6/6) Lair:7
    Orc (4/4) D:11            Elf (3/3) Orc:3        Vaults (4/5) D:14
  Crypt (3/3) Vaults:2       Tomb (0/3) Crypt:3      Depths (5/5) D:15
    Zot (5/5) Depths:5

Altars:
Ashenzari
Dithmenos
Elyvilon
Fedhas
Gozag
Kikubaaqudgha
Nemelex Xobeh
Okawaru
Sif Muna
Trog
Vehumet
Xom
Yredelemnul
Zin
The Shining One
Beogh
Jiyva

Shops:
D:5 *   D:11 (   Orc:1 :[   Orc:3 :   Orc:4 **%!=   Elf:1 (   Depths:1 (

Portals:
Hell: Depths:1 Depths:2 Depths:3 Depths:4 Depths:5
Abyss: Depths:1 Depths:4
Pandemonium: Depths:2 Depths:3
Ziggurat: Depths:1
Trove: Depths:3 (give 16 scrolls of teleportation)

Annotations:
Lair:2 exclusion: oklob plant
Elf:2 3 runed doors
Depths:1 29 runed doors


Innate Abilities, Weirdness & Mutations

You have claws for hands.
You are completely covered in iridescent scales (AC +8).
A powerful demonic guardian rushes to your aid.
You are extremely robust (+30% HP).
When hurt, damage is shared between your health and your magic reserves.
You regenerate magic rapidly.
When low on magic, you restore magic in place of health.
You are somewhat resistant to further mutation.


Message History

You regained 8 hp, and now have 259/270 hp.
MP restored: 52
Aim: a rat You feel a strong surge of power!
The flame tongue hits the rat.
You now have 51/52 mp.
Aim: a rat (moderately wounded)
You feel a strong surge of power!
The flame tongue hits the rat.
You kill the rat!
Vehumet accepts your kill.
You feel your power returning.
MP restored: 52 You can't see any susceptible monsters within range! (Use Z to cast anyway.)
(D) Dungeon (T) Temple (L) Lair (S) Swamp (P) Snake Pit (M) Slime Pits (O) Orcish Mines (E) Elven Halls (V) Vaults (C) Crypt (W) Tomb (U) Depths (H) Hell (Z) Zot
Where to? (Enter - D:1 @ (x,y), ? - help)
There is a staircase leading out of the dungeon here.
You regained 5 hp, and now have 266/270 hp.
You have escaped!

.......#.##...........## #.#
.......#.#.............### ###.#
.......'>....#.....#.....# #....
.......####..##...##...#.####.)..
#####'###....###.###.............
#####.# #.###.#####.###...##.....
...)..# #..###.###.###....##.##.#
####### #...###...###...#..#.##.#
#.....# #....##.@.##....#..#....#
#.###.# #...###...###...##.###..#
#.# #.###..###.###.###..##..##..#
#.###.##..###.#####.###.##.......
#...#.###....###.###....##...##..
###.#.###.#..##...##...###...##..
+.#)#.....#..#.....#...###...##.(
#.#.#####.##.........#.......##..
#.#.#..##.########..##.####..(...


There were no monsters in sight!

Vanquished Creatures
  the royal jelly (Slime:6)
  5 ancient liches
  7 orbs of fire (Zot:5)
  Mara (Depths:3)
  Mennas (Vaults:2)
  A pandemonium lord (Zot:4)
  Sojobo (Crypt:1)
  Boris (Vaults:2)
  Saint Roka (Depths:1)
  Vashnia (Snake:2)
  3 curse toes
  7 Killer Klowns
  9 caustic shrikes (Depths:4)
  9 golden dragons
  2 bone dragons (Crypt:3)
  4 electric golems
  A hellephant (Zot:2)
  6 liches
  A Hell Sentinel (Depths:4)
  26 tentacled monstrosities
  The ghost of xgamer67 the Brawler, a mighty TrHu of Qazlal (Vaults:1)
  An Ice Fiend (D:1)
  28 Orb Guardians
  3 titans
  2 deep elf blademasters (Elf:3)
  3 deep elf master archers (Elf:3)
  19 acid blobs
  2 thorn hunters (Swamp:4)
  An Executioner (D:13)
  5 sphinxes
  2 octopode crushers
  9 ancient champions
  2 shadow dragons
  Kirke (D:13)
  7 tengu reavers
  18 storm dragons
  9 greater nagas
  2 revenants
  Roxanne (Swamp:2)
  3 draconian monks
  8 azure jellies (Slime:6)
  Wiglaf (Vaults:2)
  17 frost giants
  11 vault wardens
  13 fire giants
  Maud (Lair:4)
  4 draconian knights
  13 deep elf sorcerers
  5 draconian scorchers
  Aizul (Depths:1)
  Louise (Snake:3)
  3 draconian zealots
  4 curse skulls
  5 iron dragons
  2 war gargoyles
  8 ghouls
  A cacodemon (Zot:4)
  2 ghost moths
  7 draconian annihilators
  9 vampire knights
  26 stone giants
  5 draconian shifters
  6 ironheart preservers
  20 very ugly things
  2 draconian callers (Zot:1)
  2 spriggan defenders (Depths:4)
  8 green draconians
  12 black draconians
  7 deep elf demonologists (Elf:3)
  A dire elephant (Zot:2)
  Azrael (Elf:1)
  6 red draconians
  8 yellow draconians
  7 deep elf annihilators (Elf:3)
  6 purple draconians
  5 white draconians
  13 mottled draconians
  13 ettins
  9 death oozes
  A green death (D:8)
  10 deep elf death magi
  9 eidola
  11 vault guards
  Josephine (D:13)
  21 fire dragons
  A merfolk impaler (Depths:1)
  3 deep elf high priests (Elf:3)
  22 yaktaur captains
  14 jiangshi
  11 great orbs of eyes
  6 death cobs
  Harold (Lair:4)
  5 rakshasas
  19 naga warriors
  2 quicksilver dragon skeletons (Crypt:1)
  11 entropy weavers
  19 ice dragons
  2 death knights
  3 ghost crabs
  6 spriggan air magi
  19 hydras
  15 centaur warriors
  2 dancing weapons (Elf:2)
  A salamander stormcaller (Vaults:2)
  9 ogre magi
  2 tengu warriors (Depths:2)
  20 death yaks
  13 hell knights
  12 alligators
  20 anacondas
  13 deep troll shamans
  9 shock serpents
  11 deep troll earth magi
  5 spriggan berserkers
  6 vampire magi
  Urug (Lair:1)
  10 naga sharpshooters
  4 orc high priests (Orc:4)
  4 large abominations
  9 spriggans
  Sonja (Lair:1)
  A sun demon (D:10)
  Nergalle (Lair:1)
  23 deep elf knights
  4 fire crabs
  6 flayed ghosts
  19 skeletal warriors
  3 salamander mystics
  6 iron trolls
  A death drake (shapeshifter) (Depths:1)
  3 shadow wraiths
  12 deep elf summoners
  4 unseen horrors
  2 giant orange brains
  5 swamp dragons
  3 spriggan druids
  6 spectral hydras (Swamp:4)
  31 deep trolls
  A shambling mangrove (Swamp:2)
  20 ironbrand convokers
  2 anaconda skeletons
  16 phantasmal warriors
  A shadow dragon zombie (Depths:2)
  Pikel (D:4)
  13 naga ritualists
  18 orc knights
  7 hill giants
  9 mana vipers
  9 orc sorcerers
  5 griffons
  22 deep elf conjurers
  4 wizards
  8 harpies (Vaults:2)
  A shadow dragon skeleton (Vaults:3)
  13 necromancers
  2 frost giant zombies
  3 hornets
  A fire giant zombie (D:15)
  2 shining eyes
  72 ugly things
  A sphinx skeleton (Crypt:2)
  9 salamanders
  4 wolf spiders
  11 cyclopes
  An iron dragon skeleton (Depths:2)
  46 black mambas
  12 guardian serpents
  5 elephants (Zot:2)
  2 frost giant skeletons
  15 vault sentinels
  A dire elephant zombie (Crypt:1)
  2 manticores
  27 moths of wrath
  A fire giant skeleton (Crypt:3)
  2 stone giant skeletons
  3 sixfirhies
  3 smoke demons (Zot:1)
  An eye of devastation (shapeshifter) (Depths:3)
  6 orange demons
  4 gargoyles
  A guardian serpent (shapeshifter) (Elf:1)
  An orange crystal statue (Zot:5)
  An alligator snapping turtle zombie (Crypt:3)
  A dire elephant skeleton (Crypt:1)
  4 fire drakes
  A yaktaur zombie (Vaults:3)
  A spriggan zombie (D:15)
  5 swamp worm zombies (Swamp:4)
  23 naga magi
  22 spiny frogs
  4 kobold demonologists
  A mottled draconian zombie (Crypt:2)
  7 tengu conjurers
  An efreet (D:14)
  43 yaktaurs
  17 komodo dragons
  2 hellwings (Zot:1)
  A guardian mummy (D:15)
  8 freezing wraiths
  A tengu simulacrum (Vaults:3)
  5 blue devils
  A red devil (D:2)
  2 jumping spiders (Depths:2)
  4 hydra zombies (Swamp:4)
  21 two-headed ogres
  3 fire vortices
  4 polar bears
  2 alligator zombies (Swamp:4)
  A harpy skeleton (D:14)
  7 giant leeches
  A queen bee (D:10)
  12 trolls
  Grinder (D:4)
  15 deep elf priests
  A raiju (shapeshifter) (Elf:3)
  A hornet zombie (D:13)
  12 bog bodies
  2 shadows
  94 slime creatures
  19 blink frogs
  2 flying skulls (Crypt:3)
  A wyvern (shapeshifter) (Depths:1)
  11 boulder beetles
  21 redbacks
  3 vampires
  2 tarantellas
  32 deep elf magi
  10 wraiths
  An alligator skeleton (Crypt:3)
  8 air elementals
  A hungry ghost (D:8)
  45 yaks
  5 water elementals
  A fire elemental (Elf:1)
  5 humans (Zot:2)
  13 wyverns
  4 steam dragons
  Eustachio (D:5)
  11 basilisks
  A human (shapeshifter) (Depths:2)
  16 hippogriffs
  A black mamba skeleton (Crypt:3)
  An ice dragon skeleton (Crypt:1)
  A yak (shapeshifter) (Vaults:4)
  4 hogs (D:13)
  Grum (D:8)
  48 vampire mosquitoes
  A hippogriff (shapeshifter) (Vaults:3)
  A neqoxec (Zot:3)
  4 mottled dragons
  26 deep elf fighters
  Menkaure (D:7)
  An elf skeleton (Depths:2)
  A monstrous demonspawn zombie (Crypt:2)
  8 golden eyes (Slime:6)
  6 wargs
  Edmund (D:5)
  3 fire bats (Depths:1)
  61 nagas
  13 wolves
  27 insubstantial wisps
  22 water moccasins
  A merfolk skeleton (Crypt:3)
  5 hell hounds
  27 swamp worms
  An ettin simulacrum (Crypt:1)
  12 porcupines
  9 swamp drakes
  6 phantoms
  4 sky beasts
  A tengu skeleton (D:15)
  3 eyes of draining
  3 swamp dragon zombies (Swamp:4)
  2 black bears
  An ogre (shapeshifter) (Depths:3)
  47 orc warriors
  A faun skeleton (Crypt:1)
  An ice dragon simulacrum (Crypt:1)
  10 ice beasts
  A wasp (shapeshifter) (Vaults:2)
  30 centaurs
  A blink frog skeleton (Crypt:1)
  A centaur (shapeshifter) (Vaults:3)
  6 necrophages
  11 wasps
  An eye of draining (shapeshifter) (Vaults:1)
  33 ogres
  18 crocodiles
  8 big kobolds
  A vine stalker zombie (Crypt:2)
  A brain worm (D:13)
  A draconian skeleton (Crypt:3)
  19 giant frogs
  8 scorpions
  33 killer bees
  A water moccasin skeleton (D:7)
  13 wights
  8 electric eels
  11 crimson imps
  A wasp zombie (D:11)
  3 centaur zombies
  3 giant frog zombies
  8 hounds
  34 orc wizards
  A quasit (D:12)
  11 worker ants
  6 centaur skeletons
  27 jellies
  19 iguanas
  41 orc priests
  2 iron imps
  4 giant frog skeletons
  A basilisk skeleton (Crypt:1)
  A demonspawn skeleton (Crypt:3)
  A killer bee zombie (D:8)
  A naga zombie (Crypt:1)
  23 sheep
  A brain worm zombie (Crypt:2)
  A dwarf skeleton (Crypt:1)
  9 adders
  96 river rats
  21 gnolls
  A swamp drake zombie (Swamp:4)
  5 shadow imps
  4 oozes
  A lava snake skeleton (Crypt:3)
  3 worms (D:2)
  178 orcs
  2 ball pythons (D:1)
  18 bats
  A bat zombie (Crypt:2)
  39 goblins
  32 hobgoblins
  9 jackals
  39 kobolds
  6 quokkas
  4 giant cockroaches
  5 giant geckos
  8 giant newts
  3 quokka zombies
  19 rats
  2 bushes (Lair:4)
  A crawling corpse (Elf:3)
  6 fungi
  10 plants
3190 creatures vanquished.

Vanquished Creatures (collateral kills)
  Norris (Vaults:1)
  Nikola (Vaults:1)
  An Orb Guardian (Zot:5)
  3 greater nagas
  A ghoul (Crypt:2)
  A red draconian (Zot:1)
  2 hydras
  A centaur warrior (D:14)
  An alligator (Swamp:2)
  A tengu warrior (Depths:4)
  A death yak (Lair:5)
  An iron troll (Depths:1)
  2 deep trolls (Depths:3)
  An ugly thing (Depths:2)
  An elephant (Zot:2)
  A spiny frog (Lair:7)
  A yaktaur (Depths:5)
  A fire drake (D:8)
  A slime creature (Slime:1)
  2 blink frogs (Lair:8)
  Sigmund (D:4)
  2 yaks
  An air elemental (Depths:4)
  A redback (Depths:5)
  A hippogriff (D:9)
  A water moccasin (Lair:5)
  A wolf (Lair:3)
  A swamp drake (Swamp:2)
  An eye of draining (Slime:1)
  An ogre (D:7)
  An orc warrior (Vaults:2)
  An ice beast (Snake:4)
  A centaur (Depths:4)
  A big kobold (D:8)
  A scorpion (D:10)
  A crimson imp (D:14)
  An orc priest (Orc:4)
  A hound skeleton (D:5)
  A gnoll (Bailey)
  4 orcs
  A kobold (D:8)
  A jackal zombie (Crypt:1)
  4 crawling corpses (Elf:3)
  A fungus (Lair:2)
56 creatures vanquished.

Vanquished Creatures (others)
  A lich (Crypt:3)
  A draconian knight (Zot:1)
  An ice dragon (Zot:1)
  A wizard (D:14)
  A manticore (D:14)
  A black mamba (Snake:3)
  394 fire vortices
  An insubstantial wisp (Swamp:4)
  An orc warrior (D:11)
  A giant gecko (D:4)
  An orc (D:4)
  A kobold (D:14)
  9 fungi
  2 lost souls
  2 plants
418 creatures vanquished.

Grand Total: 3664 creatures vanquished

Notes
Turn   | Place    | Note
--------------------------------------------------------------
     0 | D:1      | Geomchi the Demonspawn Fire Elementalist began the quest for the Orb.
     0 | D:1      | Reached XP level 1. HP: 13/13 MP: 3/3
   285 | D:1      | Gained mutation: You are partially covered in iridescent scales (AC +4). [demonic ancestry]
   285 | D:1      | Reached XP level 2. HP: 4/19 MP: 1/5
   431 | D:1      | Reached skill level 3 in Fire Magic
  1420 | D:2      | Gained mutation: A weak demonic guardian rushes to your aid. [demonic ancestry]
  1420 | D:2      | Reached XP level 3. HP: 22/24 MP: 6/6
  1528 | D:2      | Learned a level 3 spell: Conjure Flame
  1705 | D:2      | Found a shadowy altar of Dithmenos.
  2154 | D:2      | Found a glowing golden altar of the Shining One.
  2501 | D:1      | Reached XP level 4. HP: 30/30 MP: 4/8
  3477 | D:3      | Found a shattered altar of Ashenzari.
  3835 | D:3      | Found a shattered altar of Ashenzari.
  4098 | D:3      | Gained mutation: You are mostly covered in iridescent scales (AC +6). [demonic ancestry]
  4098 | D:3      | Reached XP level 5. HP: 35/35 MP: 2/9
  5133 | D:3      | Reached skill level 4 in Fire Magic
  5707 | D:3      | Found a shimmering altar of Xom.
  5840 | D:4      | Noticed Sigmund
  5944 | D:3      | Learned a level 4 spell: Sticky Flame
  5951 | D:4      | Reached XP level 6. HP: 41/41 MP: 6/11
  6114 | D:4      | Noticed Grinder
  6122 | D:4      | Killed Grinder
  6266 | D:4      | Killed Sigmund
  6266 | D:4      | Reached skill level 5 in Fire Magic
  6266 | D:4      | Reached XP level 7. HP: 35/46 MP: 4/13
  6600 | D:4      | Noticed a slave
  6600 | D:4      | Noticed a slave
  6602 | D:4      | Noticed Pikel
  6602 | D:4      | Noticed a slave
  6610 | D:4      | Killed Pikel
  6610 | D:4      | Reached skill level 5 in Spellcasting
  6610 | D:4      | Reached skill level 5 in Conjurations
  6610 | D:4      | Gained mutation: You are completely covered in iridescent scales (AC +8). [demonic ancestry]
  6610 | D:4      | Reached XP level 8. HP: 46/52 MP: 5/16
  6622 | D:4      | Noticed a freed slave
  6983 | D:5      | Entered Level 5 of the Dungeon
  7117 | D:5      | Noticed Edmund
  7135 | D:5      | Killed Edmund
  7344 | D:5      | Reached skill level 6 in Fire Magic
  7404 | D:5      | Found Izuwic's General Store.
  7410 | D:5      | Bought a scroll of identify for 30 gold pieces
  7410 | D:5      | Bought a scroll of blinking for 112 gold pieces
  7480 | D:5      | Noticed Eustachio
  7498 | D:5      | Killed Eustachio
  8545 | D:6      | Found a staircase to the Ecumenical Temple.
  8634 | Temple   | Entered the Ecumenical Temple
  8641 | Temple   | Became a worshipper of Vehumet
  8783 | D:6      | You fall through a shaft for 3 floors!
  8783 | D:9      | Noticed a troll
  8899 | D:8      | Found a staircase to the Lair.
  8899 | D:8      | Noticed a fire drake
  8929 | D:8      | Noticed a hill giant
  8975 | D:7      | Noticed Menkaure
  8987 | D:7      | Killed Menkaure
  8987 | D:7      | Reached XP level 9. HP: 43/57 MP: 18/18
  9011 | D:7      | Reached skill level 7 in Conjurations
  9195 | D:7      | Acquired Vehumet's first power
  9195 | D:7      | Offered knowledge of Sting by Vehumet.
  9213 | D:7      | Reached skill level 1 in Shields
  9530 | D:7      | Found an opulent altar of Gozag.
  9747 | D:6      | Learned a level 5 spell: Fireball
  9962 | D:7      | Found a glowing silver altar of Zin.
 10561 | D:7      | Found a bloodstained altar of Trog.
 10709 | D:8      | Noticed Grum
 10724 | D:8      | Killed a hill giant
 10725 | D:8      | Killed Grum
 10930 | D:8      | Reached skill level 5 in Dodging
 11020 | D:8      | Found an ancient bone altar of Kikubaaqudgha.
 11368 | D:8      | Killed a fire drake
 11368 | D:8      | Reached skill level 5 in Shields
 11368 | D:8      | Reached XP level 10. HP: 48/63 MP: 19/19
 11750 | Lair:1   | Entered Level 1 of the Lair of Beasts
 11750 | Lair:1   | Noticed Sonja
 11752 | Lair:1   | Noticed Nergalle
 11752 | Lair:1   | Noticed an eight-headed hydra
 12029 | D:9      | Offered knowledge of Sandblast by Vehumet.
 12157 | D:9      | Killed a troll
 12804 | D:9      | Noticed a two-headed ogre
 12811 | D:9      | Killed a two-headed ogre
 12926 | D:9      | Found an opulent altar of Gozag.
 14123 | Lair:1   | Noticed Urug
 14162 | Lair:1   | Killed Nergalle
 14162 | Lair:1   | Reached skill level 8 in Dodging
 14166 | Lair:1   | Offered knowledge of Static Discharge by Vehumet.
 14178 | Lair:1   | Killed Urug
 14178 | Lair:1   | Reached skill level 9 in Dodging
 14424 | Lair:1   | Killed Sonja
 14424 | Lair:1   | Gained mutation: You have sharp fingernails. [demonic ancestry]
 14424 | Lair:1   | Reached XP level 11. HP: 53/68 MP: 10/20
 14433 | Lair:1   | Acquired Vehumet's second power
 14743 | Lair:1   | Killed an eight-headed hydra
 15107 | Lair:1   | Offered knowledge of Airstrike by Vehumet.
 15528 | Lair:1   | Acquired Vehumet's third power
 15758 | Lair:1   | Noticed a six-headed hydra
 15765 | Lair:1   | Killed a six-headed hydra
 16279 | Lair:2   | Learned a level 6 spell: Bolt of Fire
 16376 | Lair:2   | Offered knowledge of Venom Bolt by Vehumet.
 17694 | Lair:2   | Got a thick robe
 17705 | Lair:2   | Identified the cursed +1 robe of Noon {*Drain MR++ Regen+ Int+4} (You found it on level 2 of the Lair of Beasts)
 17880 | Lair:3   | Found an iron altar of Okawaru.
 17887 | Lair:3   | Reached skill level 10 in Conjurations
 18310 | Lair:3   | Gained mutation: You have very sharp fingernails. [demonic ancestry]
 18310 | Lair:3   | Reached XP level 12. HP: 74/74 MP: 20/21
 18721 | Lair:3   | Noticed a death yak
 18721 | Lair:3   | Noticed a death yak
 18723 | Lair:3   | Noticed a death yak
 18725 | Lair:3   | Noticed a death yak
 18754 | Lair:3   | Killed a death yak
 18754 | Lair:3   | Killed a death yak
 18754 | Lair:3   | Reached skill level 10 in Fire Magic
 18982 | Lair:3   | Killed a death yak
 19653 | Lair:4   | Offered knowledge of Throw Icicle by Vehumet.
 19653 | Lair:4   | Reached skill level 11 in Conjurations
 19655 | Lair:4   | Noticed Maud
 20036 | Lair:4   | Killed a death yak
 20257 | Lair:4   | Noticed Harold
 20262 | Lair:4   | Killed Harold
 20439 | Lair:4   | Gained mutation: You have claws for hands. [demonic ancestry]
 20439 | Lair:4   | Reached XP level 13. HP: 79/79 MP: 25/25
 20662 | Lair:4   | Killed Maud
 21339 | Lair:4   | Reached skill level 10 in Spellcasting
 21658 | Lair:4   | HP: 1/79 [death yak (13)]
 22174 | Lair:5   | Found a staircase to the Snake Pit.
 22457 | Lair:5   | Offered knowledge of Lightning Bolt by Vehumet.
 22708 | Lair:6   | Reached skill level 12 in Fire Magic
 22818 | Lair:6   | Found a staircase to the Swamp.
 24560 | Lair:7   | Got a slimy bone ring
 24562 | Lair:7   | Identified the ring of Gorol {rElec Str+6 Int+3 Stlth+} (You found it on level 7 of the Lair of Beasts)
 25427 | Lair:7   | Found a runed door.
 25430 | Lair:7   | Found a viscous altar of Jiyva.
 25431 | Lair:7   | Found a staircase to the Slime Pits.
 25495 | Lair:7   | Reached XP level 14. HP: 85/85 MP: 28/28
 25661 | Lair:8   | Entered Level 8 of the Lair of Beasts
 27202 | Lair:8   | Reached skill level 13 in Conjurations
 27203 | Lair:8   | HP: 4/85 [cloud of steam (13)]
 27334 | Lair:7   | Learned a level 5 spell: Lightning Bolt
 27884 | Lair:8   | Reached skill level 1 in Fighting
 28078 | Lair:3   | Offered knowledge of Bolt of Magma by Vehumet.
 28233 | Lair:2   | Reached skill level 10 in Dodging
 28358 | D:10     | Entered Level 10 of the Dungeon
 28451 | D:10     | Found a flagged portal.
 28459 | Bailey   | Entered a bailey
 28954 | Bailey   | Noticed an orc warlord
 29662 | D:10     | Offered knowledge of Ozocubu's Refrigeration by Vehumet.
 30558 | D:10     | Got a translucent halberd
 30567 | D:10     | Identified the cursed +1 halberd "Ziuceawy" {vamp, rPois} (You took it off a big kobold on level 10 of the Dungeon)
 30732 | D:11     | Found a staircase to the Orcish Mines.
 31175 | D:11     | Reached skill level 5 in Fighting
 31851 | D:11     | Found Nyanekle's Weapon Shop.
 32288 | Orc:1    | Entered Level 1 of the Orcish Mines
 32288 | Orc:1    | Found Runuite's Book Shoppe.
 32312 | Orc:1    | Bought a book of Minor Magic for 200 gold pieces
 32315 | Orc:1    | Learned a level 2 spell: Blink
 32318 | Orc:1    | Learned a level 2 spell: Repel Missiles
 32636 | Orc:2    | Offered knowledge of Delayed Fireball by Vehumet.
 33024 | Orc:1    | Found Puafrem's Armour Boutique.
 33466 | Orc:3    | Found a staircase to the Elven Halls.
 33564 | Orc:3    | Found Jooghor's Book Shop.
 33615 | Orc:3    | Found a roughly hewn altar of Beogh.
 33698 | Orc:3    | Reached XP level 15. HP: 83/106 MP: 30/30
 33863 | Orc:3    | Found a roughly hewn altar of Beogh.
 34253 | Orc:4    | Entered Level 4 of the Orcish Mines
 34401 | Orc:4    | Offered knowledge of Iron Shot by Vehumet.
 34453 | Orc:4    | Found Qiun's General Store.
 34475 | Orc:4    | Bought a scroll of amnesia for 49 gold pieces
 34475 | Orc:4    | Bought a scroll of identify for 28 gold pieces
 35057 | Orc:4    | Found Xasmaek's Assorted Antiques.
 35057 | Orc:4    | Found Wiakk's Food Emporium.
 35237 | Orc:4    | Found Peusujin's Distillery.
 35240 | Orc:4    | Found Tiliet's Jewellery Shoppe.
 35245 | Orc:4    | Bought a scintillating platinum ring for 180 gold pieces
 35245 | Orc:4    | Bought 2 potions of curing for 216 gold pieces
 35261 | Orc:4    | Bought a potion of cure mutation for 455 gold pieces
 35261 | Orc:4    | Bought a potion of heal wounds for 65 gold pieces
 35261 | Orc:4    | Bought a potion of curing for 39 gold pieces
 35261 | Orc:4    | Bought a potion of curing for 39 gold pieces
 35261 | Orc:4    | Bought a potion of curing for 39 gold pieces
 35261 | Orc:4    | Bought a potion of curing for 39 gold pieces
 35272 | Orc:4    | Gained mutation: You can breathe flames. [potion of beneficial mutation]
 35273 | Orc:4    | Gained mutation: You have a beak for a mouth. [potion of beneficial mutation]
 35276 | Orc:4    | Identified the ring "Doaceawn" {rN+ MR+ Stlth+} (You bought it in a shop on level 4 of the Orcish Mines)
 36050 | D:12     | You fall through a shaft for 3 floors!
 36050 | D:15     | Entered Level 15 of the Dungeon
 36235 | D:14     | Offered knowledge of Orb of Destruction by Vehumet.
 36250 | D:14     | Learned a level 7 spell: Orb of Destruction
 36739 | D:13     | Noticed Josephine
 36745 | D:13     | Killed Josephine
 36919 | D:12     | Reached skill level 10 in Fighting
 38019 | D:12     | Identified the Grimoire of Shape Shifting
 39083 | D:13     | Identified a scroll of acquirement
 39300 | D:13     | Noticed Kirke
 39305 | D:13     | Noticed a sphinx
 39314 | D:13     | Noticed a sphinx
 39314 | D:13     | Killed Kirke
 39915 | D:14     | Offered knowledge of Lehudib's Crystal Spear by Vehumet.
 39915 | D:14     | Offered knowledge of Fire Storm by Vehumet.
 39915 | D:14     | Offered knowledge of Chain Lightning by Vehumet.
 40390 | D:14     | Reached XP level 16. HP: 103/122 MP: 8/31
 41114 | D:14     | Found a gate to the Vaults.
 41230 | D:14     | Found a bloodstained altar of Trog.
 41754 | D:15     | Reached skill level 14 in Conjurations
 41846 | D:15     | Found a staircase to the Depths.
 42103 | D:15     | Found a basalt altar of Yredelemnul.
 43188 | Orc:4    | Bought an uncursed ring of poison resistance for 260 gold pieces
 43528 | Lair:2   | Gained mutation: You are somewhat resistant to further mutation. [potion of beneficial mutation]
 43610 | Swamp:1  | Entered Level 1 of the Swamp
 44777 | Swamp:2  | Noticed Roxanne
 44889 | Swamp:2  | Killed Roxanne
 47082 | Swamp:2  | Upgraded the game from 0.17-a0-1397-g0eee0a3 to 0.17-a0-1399-gd5b76e1
 47892 | Swamp:4  | Entered Level 4 of the Swamp
 48025 | Swamp:4  | Reached skill level 15 in Conjurations
 48643 | Swamp:4  | Gained mutation: When hurt, damage is shared between your health and your magic reserves. [demonic ancestry]
 48643 | Swamp:4  | Reached XP level 17. HP: 117/128 MP: 34/34
 48834 | Swamp:4  | Reached skill level 15 in Fire Magic
 49909 | Swamp:4  | Noticed a bone dragon
 51172 | Swamp:4  | Got a decaying rune of Zot
 51562 | Snake:1  | Entered Level 1 of the Snake Pit
 52176 | Snake:1  | Reached skill level 16 in Conjurations
 52461 | Snake:1  | Learned a level 9 spell: Fire Storm
 54410 | Snake:2  | Noticed Vashnia
 54431 | Snake:2  | Killed Vashnia
 55289 | Snake:3  | Noticed Louise
 55293 | Snake:3  | Killed Louise
 55782 | Snake:3  | Gained mutation: You regenerate magic rapidly. [demonic ancestry]
 55782 | Snake:3  | Reached XP level 18. HP: 128/128 MP: 30/35
 55786 | Snake:3  | Reached skill level 17 in Conjurations
 57075 | Vaults:1 | Entered Level 1 of the Vaults
 57119 | Vaults:1 | Found a flickering gateway to a bazaar.
 57125 | Bazaar   | Entered a bazaar
 57127 | Bazaar   | Found Axteymo's Antique Armour Boutique.
 57131 | Bazaar   | Found Tipp's Book Boutique.
 57131 | Bazaar   | Found Maiputzu's Weapon Boutique.
 57132 | Bazaar   | Found Fowif's Assorted Antiques.
 57152 | Bazaar   | Bought a pair of embroidered boots for 135 gold pieces
 57152 | Bazaar   | Bought a pair of runed boots for 135 gold pieces
 57184 | Bazaar   | Bought a potion of cure mutation for 875 gold pieces
 57184 | Bazaar   | Bought a scroll of amnesia for 87 gold pieces
 57232 | Vaults:1 | Noticed xgamer67's ghost (mighty TrHu)
 57465 | Vaults:1 | Killed xgamer67's ghost
 57713 | Vaults:1 | Noticed Norris
 57721 | Vaults:1 | Killed Norris
 58668 | Vaults:1 | Noticed Nikola
 58672 | Vaults:1 | Killed Nikola
 59233 | Vaults:1 | Reached skill level 18 in Conjurations
 59822 | Vaults:1 | Upgraded the game from 0.17-a0-1399-gd5b76e1 to 0.17-a0-1403-g9df874c
 60124 | Vaults:2 | Noticed Mennas
 60306 | Vaults:2 | Found a staircase to the Crypt.
 60617 | Vaults:2 | Reached XP level 19. HP: 134/134 MP: 11/36
 60787 | Vaults:2 | Noticed Wiglaf
 60787 | Vaults:2 | Killed Mennas
 60820 | Vaults:2 | Gained mutation: You can translocate small distances at will. [mutagenic glow]
 60829 | Vaults:2 | Killed Wiglaf
 60907 | Vaults:1 | Learned a level 8 spell: Lehudib's Crystal Spear
 60962 | Vaults:2 | Reached skill level 1 in Earth Magic
 61793 | Vaults:2 | Noticed Boris
 61797 | Vaults:2 | Killed Boris
 62334 | Vaults:2 | Reached skill level 5 in Earth Magic
 63411 | Vaults:2 | Reached skill level 15 in Spellcasting
 64206 | Vaults:3 | Reached XP level 20. HP: 141/141 MP: 19/39
 65090 | Vaults:3 | Got a smoking robe
 65091 | Vaults:3 | Identified the +1 robe of Twilight {Str+2 Dex-4 Stlth+} (You found it on level 3 of the Vaults)
 66840 | Vaults:4 | Identified Gadaixaj's Handbook of Sinister Magic
 67610 | Snake:4  | Entered Level 4 of the Snake Pit
 68856 | Snake:4  | Reached skill level 19 in Conjurations
 69248 | Snake:4  | Gained mutation: You are robust (+10% HP). [demonic ancestry]
 69248 | Snake:4  | Reached XP level 21. HP: 141/162 MP: 32/41
 70576 | Snake:4  | Got a serpentine rune of Zot
 71059 | Depths:1 | Entered Level 1 of the Depths
 71289 | Depths:1 | Found a one-way gate to the infinite horrors of the Abyss.
 71526 | Depths:1 | Found a gateway to Hell.
 71618 | Depths:1 | Found a gateway to a ziggurat.
 71628 | Depths:1 | Found a huge runed gate.
 71628 | Depths:1 | Found a huge runed gate.
 71629 | Depths:1 | Found a huge runed gate.
 71641 | Depths:1 | Found Zieg's Antique Weapon Shop.
 71743 | Depths:1 | Bought an encrusted broad axe for 225 gold pieces
 71743 | Depths:1 | Bought a transparent great mace for 287 gold pieces
 71743 | Depths:1 | Identified the cursed +0 broad axe of the Pit {drain, *Contam rC+++ rN+ MP-9} (You bought it in a shop on level 1 of the Depths)
 71744 | Depths:1 | Identified the +3 great mace of Popular Demand {venom, rN+} (You bought it in a shop on level 1 of the Depths)
 71751 | Depths:1 | Noticed Aizul
 71754 | Depths:1 | Killed Aizul
 71797 | Depths:1 | Gained mutation: You are occasionally teleported to nearby monsters. [mutagenic glow]
 71798 | Depths:1 | Lost mutation: You are occasionally teleported to nearby monsters. [potion of cure mutation]
 71798 | Depths:1 | Lost mutation: You can breathe flames. [potion of cure mutation]
 71798 | Depths:1 | Lost mutation: You have a beak for a mouth. [potion of cure mutation]
 71798 | Depths:1 | Lost mutation: You can translocate small distances at will. [potion of cure mutation]
 71843 | Depths:1 | Noticed Saint Roka
 71848 | Depths:1 | Killed Saint Roka
 72353 | Depths:1 | Found a huge runed gate.
 72353 | Depths:1 | Found a huge runed gate.
 72356 | Depths:1 | Found a huge runed gate.
 72359 | Depths:1 | Found a huge runed gate.
 72359 | Depths:1 | Found a huge runed gate.
 72360 | Depths:1 | Found a huge runed gate.
 72360 | Depths:1 | Found a huge runed gate.
 72464 | Depths:1 | Found a huge runed gate.
 72464 | Depths:1 | Found a huge runed gate.
 72464 | Depths:1 | Found a huge runed gate.
 72464 | Depths:1 | Found a huge runed gate.
 72464 | Depths:1 | Found a huge runed gate.
 72464 | Depths:1 | Found a huge runed gate.
 72472 | Depths:1 | Found a huge runed gate.
 72472 | Depths:1 | Found a huge runed gate.
 72472 | Depths:1 | Found a huge runed gate.
 72487 | Depths:1 | Found a huge runed gate.
 72488 | Depths:1 | Found a huge runed gate.
 72532 | Depths:1 | Found a huge runed gate.
 72533 | Depths:1 | Found a huge runed gate.
 72533 | Depths:1 | Found a huge runed gate.
 72538 | Depths:1 | Found a huge runed gate.
 72538 | Depths:1 | Found a huge runed gate.
 72538 | Depths:1 | Found a huge runed gate.
 72538 | Depths:1 | Found a huge runed gate.
 72538 | Depths:1 | Found a huge runed gate.
 73162 | Depths:2 | Found a one-way gate leading to the halls of Pandemonium.
 73431 | Depths:2 | Reached XP level 22. HP: 173/173 MP: 38/43
 73843 | Depths:2 | Upgraded the game from 0.17-a0-1403-g9df874c to 0.17-a0-1409-ge6d9485
 75327 | Depths:3 | Reached skill level 1 in Translocations
 75957 | Depths:3 | Noticed Mara
 75976 | Depths:3 | Noticed Geomchi's illusion
 76114 | Depths:3 | Reached skill level 5 in Translocations
 76178 | Depths:3 | Noticed Geomchi's illusion
 76365 | Depths:3 | Found a deep blue altar of Sif Muna.
 76573 | Depths:3 | Learned a level 6 spell: Statue Form
 76622 | Depths:3 | Noticed Geomchi's illusion
 76622 | Depths:3 | Killed Mara
 76622 | Depths:3 | Gained mutation: You are very robust (+20% HP). [demonic ancestry]
 76622 | Depths:3 | Reached XP level 23. HP: 182/213 MP: 31/44
 76832 | Depths:3 | Found a portal to a secret trove of treasure.
 76903 | Depths:3 | Upgraded the game from 0.17-a0-1409-ge6d9485 to 0.17-a0-1411-g06ff558
 77668 | Depths:4 | Reached skill level 10 in Earth Magic
 77951 | Depths:4 | Reached skill level 10 in Translocations
 78253 | Depths:4 | Got a crude scale mail
 78254 | Depths:4 | Identified the cursed +0 scale mail "Atugarr" {Str+4 SInv} (You found it on level 4 of the Depths)
 79495 | Depths:4 | Gained mutation: You are extremely robust (+30% HP). [demonic ancestry]
 79495 | Depths:4 | Reached XP level 24. HP: 213/240 MP: 28/45
 79860 | Depths:5 | Entered Level 5 of the Depths
 81132 | Slime:1  | Entered Level 1 of the Pits of Slime
 81454 | Slime:6  | Entered Level 6 of the Pits of Slime
 81914 | Slime:6  | Noticed the royal jelly
 81920 | Slime:6  | Killed the royal jelly
 82052 | Slime:6  | Got a warped lead ring
 82054 | Slime:6  | Identified the cursed ring of Modesty {-Tele MR+ EV-6 Int+4} (You found it on level 6 of the Pits of Slime)
 82759 | Slime:6  | Got a slimy spear
 82760 | Slime:6  | Identified the +7 spear of Contention {pierce, rC+ Int+4} (You found it on level 6 of the Pits of Slime)
 82779 | Slime:6  | Got a transparent buckler
 82790 | Slime:6  | Identified the +3 buckler of Parlour Games {Str+6} (You found it on level 6 of the Pits of Slime)
 82796 | Slime:6  | Got a slimy rune of Zot
 82878 | Slime:6  | Identified Sif Muna's Catalogue of Shifting Execration
 82924 | Slime:6  | Reached skill level 1 in Evocations
 83425 | Orc:1    | Bought an Akashic Record for 1104 gold pieces
 83433 | Orc:1    | Learned a level 7 spell: Controlled Blink
 83436 | Orc:1    | Learned a level 2 spell: Swiftness
 83450 | Elf:1    | Entered Level 1 of the Elven Halls
 83636 | Elf:1    | Noticed Azrael
 83639 | Elf:1    | Killed Azrael
 83874 | Elf:1    | Gained mutation: When low on magic, you restore magic in place of health. [demonic ancestry]
 83874 | Elf:1    | Reached XP level 25. HP: 242/242 MP: 46/46
 84154 | Elf:1    | Found Qomagh's Antique Weapon Boutique.
 84738 | Elf:2    | Reached skill level 5 in Evocations
 84957 | Elf:2    | Found a runed gate.
 84957 | Elf:2    | Found a runed gate.
 84957 | Elf:2    | Found a runed gate.
 85313 | Elf:3    | Entered Level 3 of the Elven Halls
 86223 | Elf:3    | Reached skill level 15 in Fighting
 86906 | Elf:3    | Reached skill level 10 in Evocations
 86928 | Elf:3    | Got a vibrating tin ring
 87070 | Elf:3    | Identified the ring "Peevic" {rElec rF+ Int-5 Dex+3 SInv} (You took it off a deep elf high priest on level 3 of the Elven Halls)
 87250 | Elf:3    | Got a transparent glaive {freeze}
 87250 | Elf:3    | Got a slimy ring mail
 87251 | Elf:3    | Identified the +2 glaive of Loguov {freeze, MR+ MP+9 Int+2 Dex+4} (You took it off a deep elf high priest on level 3 of the Elven Halls)
 87253 | Elf:3    | Identified the +6 ring mail of Otoqeuwk {+Fly} (You took it off a deep elf high priest on level 3 of the Elven Halls)
 87256 | Elf:3    | Got a twisted halberd
 87257 | Elf:3    | Identified the +8 halberd "Fimitor" {flame, rPois Int+3} (You took it off a deep elf death mage on level 3 of the Elven Halls)
 87585 | Crypt:1  | Entered Level 1 of the Crypt
 87586 | Crypt:1  | Reached skill level 1 in Staves
 87755 | Crypt:1  | Noticed Sojobo
 87756 | Crypt:1  | Killed Sojobo
 88392 | Crypt:1  | Got a faintly glowing flail
 88393 | Crypt:1  | Identified the +7 flail of Chagrin {flame, +Blink +Fly Str+5} (You took it off a tengu reaver on level 1 of the Crypt)
 88583 | Crypt:2  | Reached skill level 5 in Staves
 89318 | Crypt:2  | Gained mutation: A demonic guardian rushes to your aid. [demonic ancestry]
 89318 | Crypt:2  | Reached XP level 26. HP: 246/256 MP: 41/46
 89573 | Crypt:3  | Entered Level 3 of the Crypt
 91013 | Crypt:3  | Got a heavily runed fire dragon armour
 91014 | Crypt:3  | Identified the +8 fire dragon armour "Voecraf" {rF++ rC- Str+2} (You found it on level 3 of the Crypt)
 91043 | Crypt:3  | Got a translucent cloak
 91054 | Crypt:3  | Identified the +1 cloak of Indomitability {Int+2} (You acquired it on level 3 of the Crypt)
 91057 | Crypt:3  | Got a bloodstained cloak
 91058 | Crypt:3  | Identified the +2 cloak "Jeczumyu" {rPois rCorr Dex-3} (You acquired it on level 3 of the Crypt)
 91224 | Crypt:3  | Found a staircase to the Tomb.
 92034 | Depths:5 | Found a gate to the Realm of Zot.
 92142 | Depths:5 | Got a faintly humming leather armour
 92143 | Depths:5 | Identified the +1 leather armour of Ydowopou {+Inv MP+9 SInv} (You found it on level 5 of the Depths)
 93030 | Zot:1    | Entered Level 1 of the Realm of Zot
 94841 | Zot:1    | Reached skill level 20 in Conjurations
 95167 | Zot:1    | Got a pair of translucent boots
 95178 | Zot:1    | Identified the +0 pair of boots of Trumpets {Int+4} (You acquired it on level 1 of the Realm of Zot)
 95630 | Zot:1    | Gained mutation: A powerful demonic guardian rushes to your aid. [demonic ancestry]
 95630 | Zot:1    | Reached XP level 27. HP: 256/264 MP: 41/46
 95995 | Zot:2    | Got a smoking lapis lazuli ring
 96491 | Zot:2    | Reached skill level 15 in Evocations
 98825 | Zot:3    | Identified the ring "Meyveop" {Str-5 Int+5 Dex+5 Stlth-} (You found it on level 2 of the Realm of Zot)
100189 | Zot:5    | Entered Level 5 of the Realm of Zot
100438 | Zot:5    | Noticed an orb of fire
100443 | Zot:5    | Killed an orb of fire
100526 | Zot:5    | Noticed an ancient lich
100527 | Zot:5    | Killed an ancient lich
100757 | Zot:5    | Noticed an orb of fire
100760 | Zot:5    | Killed an orb of fire
100769 | Zot:5    | Noticed an ancient lich
100780 | Zot:5    | Noticed an orb of fire
100786 | Zot:5    | Killed an ancient lich
100789 | Zot:5    | Noticed an ancient lich
101078 | Zot:4    | Killed an ancient lich
101147 | Zot:5    | Noticed an ancient lich
101153 | Zot:5    | Killed an ancient lich
101153 | Zot:5    | Reached skill level 21 in Evocations
101360 | Zot:5    | Noticed an orb of fire
101362 | Zot:5    | Killed an orb of fire
101418 | Zot:5    | Killed an orb of fire
101453 | Zot:5    | HP: 13/264 [poisoned by a green draconian (poison gas)]
101726 | Zot:5    | Noticed an ancient lich
101731 | Zot:5    | Killed an ancient lich
101833 | Zot:5    | Reached skill level 22 in Evocations
102033 | Zot:5    | Noticed an orb of fire
102038 | Zot:5    | Killed an orb of fire
102083 | Zot:5    | Noticed an orb of fire
102087 | Zot:5    | Killed an orb of fire
102151 | Zot:5    | Reached skill level 23 in Evocations
102530 | Zot:5    | Noticed an orb of fire
102534 | Zot:5    | Killed an orb of fire
103062 | Zot:5    | Got the Orb of Zot
103170 | Zot:4    | Noticed Ugum the pandemonium lord
103172 | Zot:4    | Reached skill level 24 in Evocations
103178 | Zot:4    | Killed Ugum the pandemonium lord
103879 | D:2      | Noticed Duyreahi the pandemonium lord
103953 | D:$      | Escaped with the Orb!

Vault maps used:
D:1:      roderic_crossed_star
D:2:      overflow_temple_1_default, tso_metal_star, first_bread
D:3:      lemuel_crystal_altar, tgw_xom, nicolae_ashenzari_panopticon
D:4:      minmay_misc_feat_tiny, kennysheep_generic_room_14, uniq_sigmund,
          uniq_grinder, uniq_pikel
D:5:      serial_shops, shop, uniq_eustachio, uniq_edmund
D:6:      temple_hall, kennysheep_minor_cross
D:7:      kennysheep_mini_moat, lemuel_round_altar, basic_altar, uniq_menkaure
D:8:      kiku_gazebo_garden_becter, minmay_lair_entry_lava, uniq_grum
D:9:      basic_altar
D:10:     enter_bailey_3, hangedman_ranch, minivault_7
D:11:     erik_orc_1, serial_shops, nicolae_shop_window_shopping,
          kennysheep_pointless_box, minmay_misc_feat_iff
D:12:     minmay_two_paths, minmay_misc_feat_cross
D:13:     uniq_josephine, uniq_kirke
D:14:     grunt_vaults_entry_fortified, special_room, trog_wizard
D:15:     gammafunk_depths_entry_grave, yredelemnul_altar_generic,
          roderic_lattice_a
Temple:   circular_temple_pool_12
Lair:1:   uniq_nergalle, uniq_urug, uniq_sonja
Lair:2:   minmay_lair_oklob_chamber
Lair:3:   basic_altar, minmay_hedge_maze, serial_bayou_lake_a
Lair:4:   beast_lair_carwin_5, uniq_maud, uniq_harold
Lair:5:   guppyfry_snake_entry_island, grunt_megastairs_2,
          infiniplex_staircase_pool_2
Lair:6:   minmay_swamp_entry_swarm, grunt_megastairs_4
Lair:7:   slime_altar_2, serial_bayou_shore_b, infiniplex_staircase_pool,
          lemuel_fruit_fields
Lair:8:   guppyfry_lair_end_dragon, serial_bayou_shore_a
Swamp:1:  evilmike_swamp_ruin_house_1
Swamp:2:  nicolae_snake_squiggles, swamp_pool1, uniq_roxanne
Swamp:3:  evilmike_swamp_ruin_house_5
Swamp:4:  swamp_pestilence
Snake:1:  lemuel_fruit_tree
Snake:2:  uniq_vashnia
Snake:3:  nicolae_coiled_stairwell_down, uniq_louise
Snake:4:  grunt_snake_rune_serpentine_throne, portal_ice_cave_entry_ice_beasts,
          serial_bayou_shore_b
Slime:1:  nicolae_slime_barrier
Slime:2:  cheibrodos_slime_lost_civilization_7
Slime:5:  nicolae_slime_phagocytosis
Orc:1:    serial_shops, shop, shop
Orc:3:    serial_shops, shop, nicolae_orc_pool_cavern, hangedman_feature_mirror
Orc:4:    st_orc_mages, serial_shops, shop_statue
Elf:1:    eino_elf_arrival_the_gate, serial_shops, shop, grunt_ministairs_12,
          uniq_azrael
Elf:3:    nooodl_elf_gasket
Vaults:1: hangedman_vaults_locks, vaults_dpeg_ring, nicolae_vaults_puzzle_piece,
          nicolae_vaults_big_angled_halls, hangedman_vaults_cutoff,
          nicolae_vaults_ring_of_whatevers, v_alt_pattern_5, dpeg_vaults_waves,
          v_pattern_5, v_misc_25, grunt_vaults_swirl, vaults_dpeg_diagonal,
          serial_shops, bzr_entry_dummy, uniq_nikola, uniq_norris
Vaults:2: nicolae_vaults_twisting_passages, v_misc_3, hangedman_vaults_snaps,
          nicolae_vaults_little_squares_4, hangedman_vaults_restitches,
          minmay_crypt_entry_simple_sparse, v_misc_29, v_misc_2,
          nicolae_vaults_quadrants, hangedman_vaults_stretched_pinwheel,
          nicolae_vaults_little_squares_1, v_misc_8, uniq_wiglaf, uniq_mennas,
          uniq_boris
Vaults:3: vaults_room_ringed_pool, nicolae_vaults_sealed_display,
          hangedman_vaults_river_flow, nicolae_vaults_asterisk,
          vaults_dpeg_cross, st_cells, nicolae_vaults_border_crossing,
          ontoclasm_vaults_ring_square, nicolae_vaults_windows_and_doors_thing,
          ontoclasm_vaults_pinch, nicolae_vaults_little_squares_2
Vaults:4: st_check, v_misc_22, nicolae_vaults_stairing_the_circle,
          vaults_dpeg_hooks, v_misc_26, vaults_mumra_minichess_inversion,
          nicolae_vaults_circle_grid_b, vaults_mumra_minichess,
          nicolae_vaults_ninety_degrees, v_alt_pattern_2, nicolae_vaults_theta,
          nicolae_vaults_little_squares_6, grunt_vaults_bifocal
Crypt:1:  uniq_sojobo
Crypt:2:  serial_sigils, serial_sigils_hangedman_carve,
          serial_sigils_hangedman_stare, serial_sigils_hangedman_scratch,
          serial_sigils_hangedman_confine
Crypt:3:  david_glass_crypt, nicolae_tomb_entry_rubble_hallway,
          roderic_lattice_octagonal_star
Depths:1: enter_ziggurat_e, serial_shops, shop, abyss_entry_crystal, hell_entry,
          minmay_misc_feat_square, door_vault, uniq_saint_roka, uniq_aizul
Depths:2: grunt_house_of_mirrors, hangedman_abyss_or_decor_slice,
          grunt_hell_entry_dis_old, rand_demon_pan_entry_3
Depths:3: hangedman_cross_cluster, hell_entry, hangedman_decor_peaks_small,
          nicolae_trove_entry_crossroad, grunt_pan_entry_in_and_out, uniq_mara
Depths:4: grunt_runaround, abyss_entry, hell_entry
Depths:5: grunt_zot_entry_alcove, hangedman_geh_valley, minivault_14
Zot:1:    st_single_dragon_hoard_3, bh_zot_lava_cross, grunt_ministairs_12,
          st_stairs_13
Zot:2:    circus_mu
Zot:4:    st_stairs_9, grunt_ministairs_7, basic_stair_grate_trap
Bazaar:   bazaar_minmay_cross
Bailey:   bailey_axe_minmay_hex_keep, bailey

Action                   |  1- 3 |  4- 6 |  7- 9 | 10-12 | 13-15 | 16-18 | 19-21 | 22-24 | 25-27 || total
-------------------------+-------+-------+-------+-------+-------+-------+-------+-------+-------++-------
Melee: Spear             |    51 |       |       |       |       |       |       |       |       ||    51
       Unarmed           |    10 |       |       |       |       |       |       |       |       ||    10
       Hand axe          |    18 |    18 |       |       |       |       |       |       |       ||    36
       Staff             |       |     1 |    40 |       |       |    72 |    32 |    13 |       ||   158
       Dagger            |       |     1 |    38 |   272 |    19 |       |       |       |       ||   330
       Falchion          |       |       |    44 |       |       |       |       |       |       ||    44
       Cutlass           |       |       |       |       |   436 |    88 |       |       |       ||   524
       Quarterstaff      |       |       |       |       |       |       |       |       |   143 ||   143
 Cast: Flame Tongue      |    78 |   132 |   250 |   436 |  1358 |   638 |    88 |    46 |    49 ||  3075
       Conjure Flame     |       |     4 |     8 |     5 |     4 |    12 |       |       |       ||    33
       Sticky Flame      |       |     2 |    11 |    37 |    86 |    85 |    26 |     8 |     1 ||   256
       Fireball          |       |       |     2 |    46 |    85 |   101 |    39 |    26 |    29 ||   328
       Bolt of Fire      |       |       |       |    21 |   176 |   241 |   365 |   175 |   282 ||  1260
       Lightning Bolt    |       |       |       |       |    35 |     4 |       |       |       ||    39
       Repel Missiles    |       |       |       |       |     1 |     7 |     8 |     3 |     3 ||    22
       Orb of Destructio |       |       |       |       |    10 |   157 |    37 |    45 |   126 ||   375
       Blink             |       |       |       |       |     1 |    28 |    10 |    18 |    10 ||    67
       Fire Storm        |       |       |       |       |       |    13 |    56 |    91 |    99 ||   259
       Lehudib's Crystal |       |       |       |       |       |       |    51 |   171 |   248 ||   470
       Statue Form       |       |       |       |       |       |       |       |     5 |     5 ||    10
       Controlled Blink  |       |       |       |       |       |       |       |       |     3 ||     3
 Abil: Breathe Fire      |       |       |       |       |       |       |     1 |       |       ||     1
Evoke: Wand              |       |       |       |       |     4 |       |       |     8 |     7 ||    19
       Stone of tremors  |       |       |       |       |       |       |       |     1 |     2 ||     3
       Crystal ball of e |       |       |       |       |       |       |       |       |    20 ||    20
  Use: Scroll            |     4 |     6 |     9 |     6 |    13 |    20 |     6 |    12 |    20 ||    96
       Potion            |       |     1 |       |     5 |     4 |     4 |     3 |     1 |     2 ||    20
 Stab: Sleeping          |       |       |     1 |       |       |       |       |       |       ||     1
       Distracted        |       |       |       |     1 |     1 |       |       |       |       ||     2
       Confused          |       |       |       |       |     2 |       |       |       |       ||     2
  Eat: Chunk             |     6 |     9 |    19 |    43 |    89 |    77 |    54 |    67 |    59 ||   423
       Beef jerky        |       |     1 |       |     2 |     3 |     2 |       |       |     2 ||    10
       Pizza             |       |       |       |     4 |     1 |     9 |       |       |     3 ||    17
       Fruit             |       |       |       |     3 |    13 |    21 |     2 |     3 |     2 ||    44
       Meat ration       |       |       |       |       |     3 |       |     8 |     4 |     2 ||    17
       Bread ration      |       |       |       |       |     2 |    10 |     5 |     7 |     3 ||    27
       Royal jelly       |       |       |       |       |       |       |       |     4 |     3 ||     7
